 Dungeon Crawl Stone Soup version 0.30-b1-2-g02819fbbbe (webtiles) character file.

Game seed: 3201026445519857347

52 Alarkh the Sneak (level 3, -7/29 HPs)
             Began as a Demonspawn Delver on May 23, 2023.
             Was a Follower of Uskayaw.
             Mangled by an iguana (8 damage)
             ... on level 4 of the Dungeon.
             The game lasted 00:04:55 (3379 turns).

Alarkh the Sneak (Demonspawn Delver)                Turns: 3379, Time: 00:04:55

Health: -7/29      AC: 10    Str: 12    XL:     3   Next: 60%
Magic:  3/3        EV: 11    Int: 13    God:    Uskayaw [*.....]
Gold:   148        SH:  0    Dex: 14    Spells: 2/2 levels left

rFire   . .          .
                       - Unarmed
rCold   . . .        (no shield)
rNeg    . . .        a - +0 leather armour
rPois   .            y - +0 helmet
rElec   .            (no cloak)
rCorr   .            (no gloves)
SInv    .            (no boots)
Will    .....        x - amulet of the acrobat
Stlth   ++           s - +4 ring of protection
HPRegen 0.24/turn    (no ring)
MPRegen 0.08/turn

%: acrobat
@: attractive
A: slimy green scales 1, powered by death 1
a: Renounce Religion, Stomp


You were on level 4 of the Dungeon.
You worshipped Uskayaw.
Uskayaw was noncommittal.
You visited 2 branches of the dungeon, and saw 6 of its levels.

You collected 184 gold pieces.
You spent 36 gold pieces at shops.

Inventory:

Hand Weapons
 b - a +0 sling
Missiles
 z - 5 poisoned darts
Armour
 a - a +0 leather armour (worn)
 y - a +0 helmet (worn)
Magical Staves
 p - a staff of conjuration
Jewellery
 s - a +4 ring of protection (left hand)
 x - an amulet of the acrobat (around neck)
Wands
 f - a wand of digging (1)
 w - a wand of paralysis (2)
Scrolls
 c - 2 scrolls of magic mapping
 d - a scroll of fear
 g - a scroll of summoning {unknown}
 h - a scroll of fog
 i - 2 scrolls of teleportation
 n - a scroll of enchant armour {unknown}
 o - 2 scrolls of poison {unknown}
 q - a scroll of identify {unknown}
 u - a scroll of vulnerability {unknown}
 v - 3 scrolls of blinking {unknown}
Potions
 e - 4 potions of haste
 j - 3 potions of attraction
 k - a potion of flight {unknown}
 l - a potion of magic {unknown}
 m - 2 potions of lignification {unknown}
 r - 2 potions of ambrosia {unknown}
 t - 2 potions of might {unknown}
 A - a potion of heal wounds {unknown}


   Skills:
 - Level 3.0 Fighting
 - Level 1.7 Dodging
 - Level 4.5 Stealth
 + Level 3.6 Unarmed Combat


You had 2 spell levels left.
You didn't know any spells.
Your spell library contained the following spells:

 Spells                   Type           Power      Damage    Failure   Level
 Shock                    Conj/Air       0%         1d3       36%         1
 Summon Small Mammal      Summ           0%         N/A       36%         1
 Call Canine Familiar     Summ           0%         N/A       75%         3
 Summon Guardian Golem    Hex/Summ       0%         N/A       75%         3
 Swiftness                Air            0%         N/A       75%         3
 Airstrike                Air            0%         2d(0-16)  98%         4


Dungeon Overview and Level Annotations

Branches:
Dungeon (5/15)             Temple (1/1) D:4

Altars:
Ashenzari
Cheibriados
Dithmenos
Fedhas
Gozag
Kikubaaqudgha
Makhleb
Nemelex Xobeh
Okawaru
Qazlal
Ru
Sif Muna
Trog
Uskayaw
Vehumet
Xom
Yredelemnul

Shops:
D:1 ?:   D:2 *


Innate Abilities, Weirdness & Mutations

You are partially covered in slimy green scales. (AC +2)
You regenerate a little health from kills.


Message History

The iguana is moderately wounded.
You can now stomp with the beat.
You hit the iguana.
The iguana is heavily wounded.
The iguana closely misses you.
You hit the iguana. You punch the iguana.
The iguana is severely wounded.
The iguana bites you but does no damage.
You hit the iguana but do no damage.
The iguana is severely wounded.
The iguana bites you but does no damage.
You barely miss the iguana.
The iguana is severely wounded.
The iguana bites you.
You hit the iguana but do no damage.
The iguana is severely wounded.
The iguana bites you!
You are too injured to fight recklessly!
You are too injured to fight recklessly!
You are too injured to fight recklessly!
You are too injured to fight recklessly!
You are too injured to fight recklessly!
You are too injured to fight recklessly!
You hit the iguana.
The iguana is almost dead.
The iguana bites you but does no damage.
You hit the iguana but do no damage.
The iguana is almost dead.
The iguana bites you.
You hit the iguana but do no damage.
The iguana is almost dead.
The iguana barely misses you.
You hit the iguana but do no damage.
The iguana is almost dead.
The iguana bites you!
* * * LOW HITPOINT WARNING * * *
It was a potion of attraction.
You feel attractive to monsters. The iguana bites you!
You die...

.......:8.8.8.# ###.......##.....
...............##.#.....#.###....
...........#....##.........##...#
.........#####...#...............
...##...## ##...............#..
...##[.## #..................#
...##... ##..................
###...........>....
#@################ #l# ........#
........# ........# ........#
#..#....# #...##..# #... ...#


You could see an iguana.

Vanquished Creatures
  A worm (D:3)
  2 dart slugs (D:1)
  4 ball pythons (D:2)
  6 endoplasms
  2 giant cockroaches (D:1)
  2 goblins (D:1)
  9 hobgoblins
  A quokka (D:1)
  A bat (D:1)
  2 frilled lizards (D:1)
  6 kobolds
  4 rats
40 creatures vanquished.

Notes
Turn   | Place    | Note
-------+----------+-------------------------------------------
     0 | D:5      | Alarkh the Demonspawn Delver began the quest for the Orb.
     0 | D:5      | Reached XP level 1. HP: 18/18 MP: 1/1
    13 | D:5      | Noticed an ice beast
   123 | D:5      | Noticed a scorpion
   170 | D:5      | Noticed an iguana
   244 | D:4      | Found a broken altar of Ashenzari.
   582 | D:2      | Gained mutation: You regenerate a little health from kills.
                  | [demonic ancestry]
   582 | D:2      | Reached XP level 2. HP: 24/24 MP: 2/2
   620 | D:2      | Found Pothrait's General Store.
   682 | D:1      | Found Penoneff's Vocational Training.
   736 | D:1      | Found Gukhuzin's Magic Scroll Emporium.
   744 | D:1      | Bought a scroll of teleportation for 36 gold pieces
  1179 | D:1      | Gained mutation: You are partially covered in slimy green
                  | scales. (AC +2) [demonic ancestry]
  1179 | D:1      | Reached XP level 3. HP: 29/29 MP: 3/3
  1859 | D:2      | Found a shimmering altar of Xom.
  3212 | D:4      | Found a staircase to the Ecumenical Temple.
  3221 | Temple   | Entered the Ecumenical Temple
  3221 | Temple   | Found a transporter.
  3221 | Temple   | Found a transporter.
  3223 | Temple   | Found a transporter.
  3223 | Temple   | Found a transporter.
  3250 | Temple   | Became a worshipper of Uskayaw the Reveller
  3369 | D:4      | Reached * piety under Uskayaw
  3378 | D:4      | HP: 1/29 [iguana (9)]
  3379 | D:4      | Mangled by an iguana

Illustrated notes

Levels and vault maps discovered:
D:1:      dpeg_arrival_round_c, layout_loops_corners, serial_shops,
          nicolae_shop_tiny_waterfront, nicolae_shop_vocational
D:2:      layout_basic, basic_altar, serial_shops, nicolae_shop_hallway_plus,
          chequers_avenue
D:3:      layout_loops_ring, item_on_display_b
D:4:      minmay_razor_zed, layout_layer_cave, amcnicky_altar_gilded,
          mainiacjoe_overflow_catwalk, minmay_temple_entry_statues_fountains,
          hangedman_decor_peaks_small
D:5:      layout_gridville
Temple:   hellmonk_temple_divided_pantheon

Skill      XL: |  1  2 |
---------------+-------+-----
Unarmed Combat | 2 3 |  3.6
Fighting       | |  3.0
Dodging        | |  1.7
Stealth        | |  4.5

Action                     || total
---------------------------++-------
  Melee: Unarmed           ||   102
         Punch             ||     3
   Fire: Sling             ||    94
  Evoke: Wand              ||     2
    Use: Potion            ||     1
   Stab: Sleeping          ||     2
 Armour: Leather armour    ||    25
  Dodge: Dodged            ||    50
